 Dungeon Crawl Stone Soup version 0.30-a0-916-g9813417 (webtiles) character file.

Game seed: 16190198211564540415

136 Dawnplanks the Chopper (level 5, -4/47 HPs)
             Began as a Hill Orc Berserker on Mar 21, 2023.
             Was a Believer of Trog.
             Slain by a gnoll
             ... wielding a +0 spear
              (7 damage)
             ... on level 3 of the Dungeon.
             The game lasted 00:03:51 (1959 turns).

Dawnplanks the Chopper (Hill Orc Berserker)         Turns: 1959, Time: 00:03:51

Health: -4/47      AC:  6    Str: 22    XL:     5   Next: 19%
Magic:  5/5        EV: 10    Int:  7    God:    Trog [**....]
Gold:   54         SH:  0    Dex: 10    Spells: 4/4 levels left

rFire   . . .      SeeInvis .    a - +0 hand axe
rCold   . . .      Faith    .    (no shield)
rNeg    . . .      Spirit   .    d - +0 scale mail
rPois   .          Reflect  .    (no helmet)
rElec   .          Rampage  .    (no cloak)
rCorr   .                        (no gloves)
Will    .....                    (no boots) Stlth
                                 (no amulet)
HPRegen 0.27/turn                (no ring)
MPRegen 0.09/turn                (no ring)

@: on berserk cooldown, slowed, very slow
A: no striking features
a: Renounce Religion, Berserk, Trog's Hand


You were on level 3 of the Dungeon.
You worshipped Trog.
Trog was pleased with you.
You visited 1 branch of the dungeon, and saw 3 of its levels.

You collected 104 gold pieces.
You spent 50 gold pieces at shops.

Inventory:

Hand Weapons
 a - a +0 hand axe (weapon)
Armour
 d - a +0 scale mail (worn)
Wands
 b - a wand of paralysis (8)
 l - a wand of mindburst (20)
Scrolls
 f - 3 scrolls of vulnerability
 h - a scroll of butterflies
 j - a scroll of enchant armour {unknown}
Potions
 c - 2 potions of lignification {unknown}
 g - a potion of cancellation {unknown}
 i - a potion of resistance {unknown}
 m - a potion of heal wounds {unknown}


   Skills:
 + Level 4.6 Fighting
 + Level 5.8 Axes
 + Level 3.2 Armour
 + Level 2.0 Dodging


You had 4 spell levels left.
You didn't know any spells.
Your spell library was empty.

Dungeon Overview and Level Annotations

Branches:
Dungeon (3/15)

Altars:
Vehumet

Shops:
D:2 ?


Message History

You feel a strong urge to attack something.
Something hits you.
* * * LOW HITPOINT WARNING * * *
A gnoll comes into view. It is wielding a +0 spear.
You are no longer berserk.
You are exhausted.
You feel yourself slow down.
The gnoll shouts!
You hear a shout!
The gnoll throws a throwing net.
The throwing net hits you.
You become entangled in the net!
You see here a throwing net.
You struggle against the net.
Something hits you.
* * * LOW HITPOINT WARNING * * *
You struggle against the net.
You feel less confused. Something hits you.
* * * LOW HITPOINT WARNING * * *
Something hits you.
* * * LOW HITPOINT WARNING * * *
You struggle against the net.
Something completely misses you.
You shred the net and break free! Something hits you but does no damage.
The gnoll hits you from afar with a +0 spear.
* * * LOW HITPOINT WARNING * * *
Something hits you.
* * * LOW HITPOINT WARNING * * *
You feel better. Something hits you but does no damage.
The gnoll closely misses you.
You barely miss something.
You hear the rusting of a distant drain.
Something hits you.
* * * LOW HITPOINT WARNING * * *
The gnoll barely misses you. The gnoll closely misses you.
Something hits you but does no damage.
You hit something but do no damage. Something hits you but does no damage.
The gnoll hits you from afar with a +0 spear!
* * * LOW HITPOINT WARNING * * *
You closely miss something. Something hits you but does no damage.
The gnoll barely misses you.
The gnoll hits you from afar with a +0 spear!
You die...

#.####....#
#.........#
#######.###
#### #.# .....
##'##
#..##†).##
##..)))..##
..#....{....##
_......@.)...#
..#..........'.
.
##...g.....###
#.........##
....#.....##
#.#####...## ..
##'## .#


You could see a gnoll.

Vanquished Creatures
  An orc priest (D:3)
  3 adders
  A gnoll (D:3)
  3 dart slugs
  3 orcs (D:3)
  3 ball pythons (D:1)
  5 endoplasms
  2 giant cockroaches
  5 goblins
  5 hobgoblins
  5 jackals (D:1)
  2 quokkas
  7 bats
  A frilled lizard (D:1)
  7 kobolds
  4 rats (D:1)
57 creatures vanquished.

Notes
Turn   | Place    | Note
-------+----------+-------------------------------------------
     0 | D:1      | Dawnplanks the Hill Orc Berserker began the quest for the
                  | Orb.
     0 | D:1      | Reached XP level 1. HP: 19/19 MP: 1/1
   134 | D:1      | Reached XP level 2. HP: 17/27 MP: 2/2
   604 | D:1      | Reached XP level 3. HP: 33/33 MP: 3/3
  1228 | D:2      | Reached ** piety under Trog
  1286 | D:2      | Reached skill level 5 in Axes
  1592 | D:2      | Found Isuebeti's Magic Scroll Shoppe.
  1597 | D:2      | Bought a scroll of identify for 20 gold pieces
  1597 | D:2      | Bought a scroll of identify for 20 gold pieces
  1597 | D:2      | Bought a scroll of noise for 10 gold pieces
  1634 | D:2      | Reached XP level 4. HP: 41/41 MP: 4/4
  1933 | D:3      | Found a radiant altar of Vehumet.
  1946 | D:3      | Reached XP level 5. HP: 16/47 MP: 5/5
  1959 | D:3      | Slain by a gnoll

Illustrated notes

Levels and vault maps discovered:
D:1:      psy_arrival_radial01, layout_basic, minmay_splitting_lines,
          minmay_split_cup_large
D:2:      layout_loops_ring, serial_shops, nicolae_shop_stone, moated_statue
D:3:      layout_loops_corners, vehumet_crystals, cheibrodos_sewer_entry_drain

Skill      XL: |  1  2  3  4 |
---------------+-------------+-----
Fighting       | 4 |  4.6
Axes           | 5 |  5.8
Armour         | 3 |  3.2
Dodging        | 2 |  2.0

Action                     |  1- 3 |  4- 6 || total
---------------------------+-------+-------++-------
  Melee: Hand axe          |   127 |    56 ||   183
 Invoke: Berserk           |     1 |     1 ||     2
         Trog's Hand       |       |     1 ||     1
    Use: Scroll            |     4 |       ||     4
         Potion            |       |     1 ||     1
 Armour: Animal skin       |     4 |       ||     4
         Scale mail        |    47 |    28 ||    75
  Dodge: Dodged            |    89 |    25 ||   114

Table legend: (Time is in decaauts)
 A = Elapsed time spent in this place.
 B = Non-inter-level travel time spent in this place.
 C = Inter-level travel time spent in this place.
 D = Time resting spent in this place.
 E = Time spent auto-exploring this place.
 F = Levels seen in this place.
 G = Mean time per level.
                   A        B        C        D        E       F      G
               +--------+--------+--------+--------+--------+-----+--------+
         Total |   1975 |   1815 |    160 |      0 |   1438 |   3 |  658.3 |
       Dungeon |   1975 |   1815 |    160 |      0 |   1438 |   3 |  658.3 |
               +--------+--------+--------+--------+--------+-----+--------+

Top non-repeatable levels by time:
     D:1: 1126 daAuts
     D:2: 593 daAuts
     D:3: 255 daAuts
